 Dungeon Crawl Stone Soup version 0.27.1-2-g3b301248ec (webtiles) character file.

Game seed: 4540108748576277637

1171 Borgoz the Skirmisher (level 8, 0/51 HPs)
             Began as a Gargoyle Berserker on Sept 26, 2021.
             Was a Believer of Trog.
             Slain by a gnoll (3 damage)
             ... on level 5 of the Dungeon.
             The game lasted 00:04:02 (4542 turns).

Borgoz the Skirmisher (Gargoyle Berserker)          Turns: 4542, Time: 00:04:02

Health: 0/51       AC: 15    Str: 22    XL:     8   Next: 41%
Magic:  8/8        EV: 11    Int: 13    God:    Trog [**....]
Gold:   145        SH:  0    Dex: 11    Spells: 7/7 levels left

rFire    . . .     SeeInvis .   a - +0 mace
rCold    + . .     Faith    .   (no shield)
rNeg     + . .     Spirit   .   o - +0 scale mail
rPois    ∞         Reflect  .   (no helmet)
rElec    +         Harm     .   b - +0 cloak
rCorr    .         Rampage  .   g - +0 pair of gloves
Will     .....                  (no boots)
Stlth    ..........             (no amulet)
HPRegen  0.17/turn              j - ring of protection from cold
MPRegen  0.11/turn              t - +6 ring of intelligence

@: on berserk cooldown, flying, slowed, very slow
A: sickness immunity, AC +5, negative energy resistance 1, electricity
resistance, torment resistance 1, petrification resistance
a: Renounce Religion, Berserk, Trog's Hand


You were on level 5 of the Dungeon.
You worshipped Trog.
Trog was pleased with you.
You visited 1 branch of the dungeon, and saw 5 of its levels.

You collected 231 gold pieces.
You spent 86 gold pieces at shops.

Inventory:

Hand Weapons
 a - a +0 mace (weapon)
Armour
 b - a +0 cloak (worn)
 g - a +0 pair of gloves (worn)
 o - a +0 scale mail (worn)
Jewellery
 j - a ring of protection from cold (left hand)
 t - a +6 ring of intelligence (right hand)
Wands
 w - a wand of flame (23)
Scrolls
 d - 4 scrolls of identify {unknown}
 e - 3 scrolls of vulnerability {unknown}
 i - 2 scrolls of summoning
 l - 2 scrolls of teleportation {unknown}
 r - 3 scrolls of brand weapon {unknown}
 s - 2 scrolls of noise {unknown}
 u - a scroll of magic mapping
 x - a scroll of enchant armour {unknown}
 y - a scroll of acquirement {unknown}
Potions
 c - a potion of flight
 f - a potion of magic {unknown}
 h - a potion of resistance {unknown}
 k - 2 potions of lignification {unknown}
 m - 3 potions of curing {unknown}
 n - a potion of attraction {unknown}
 p - 2 potions of brilliance {unknown}
 q - a potion of degeneration {unknown}
 v - a potion of might


   Skills:
 + Level 6.3 Fighting
 + Level 5.7 Maces & Flails
 + Level 5.7 Armour
 + Level 4.2 Dodging


You had 7 spell levels left.
You didn't know any spells.
Your spell library was empty.

Dungeon Overview and Level Annotations

Branches:
Dungeon (5/15)             Temple (0/1) D:4

Altars:
Fedhas
Hepliaklqana
Kikubaaqudgha
Sif Muna
Wu Jian
Xom
The Shining One

Shops:
D:4 !*


Innate Abilities, Weirdness & Mutations

You are immune to sickness and miasma.
Your stone body is resilient. (AC +5)
You are immune to poison.
You resist negative energy. (rN+)
You are resistant to electric shocks. (rElec)
You are resistant to unholy torment.
You are immune to petrification.


Message History

You are too injured to fight recklessly!
You are too injured to fight recklessly!
You sock the black bear!
The black bear is almost dead.
The black bear goes berserk!
The gnoll hits you from afar with a +0 halberd!
* * * LOW HITPOINT WARNING * * *
The gnoll sergeant hits you but does no damage.
You are too injured to fight recklessly!
You hit the black bear.
You kill the black bear!
Trog accepts your kill. The gnoll closely misses you.
The gnoll hits you but does no damage. The gnoll hits you with a +0 halberd!
* * * LOW HITPOINT WARNING * * *
The gnoll sergeant closely misses you. The gnoll closely misses you.
Things that are here:
a +0 whip; a black bear corpse You barely miss the gnoll.
The gnoll hits you but does no damage. x2
The gnoll sergeant closely misses you. The gnoll closely misses you.
You hit the gnoll.
The gnoll is lightly wounded.
You closely miss the gnoll.
The gnoll is lightly wounded.
The gnoll sergeant hits you but does no damage.
The gnoll barely misses you. The gnoll closely misses you.
The gnoll hits you but does no damage.
You closely miss the gnoll.
The gnoll is lightly wounded.
You are no longer berserk.
You are exhausted.
You feel yourself slow down. The gnoll barely misses you.
The gnoll hits you with a +0 halberd.
* * * LOW HITPOINT WARNING * * *
The gnoll sergeant barely misses you. The gnoll hits you but does no damage.
The hound zombie barely misses you.
It was a potion of flight.
You feel very buoyant.
You fly up into the air.
The gnoll hits you with a +0 halberd.
You die...

#.....>....# ....(#
#..........#......#
#..........#......+
#.)..##....##..(.#
#....##....##....#
#.....#..........#
##...##..........#
##...##.......Z..#
#..>)+.....[.@g..#
#....#####+##†g..#
####....##... #gg..#
...............#g....#
#####...##.....#.....#
##...##.....#.....#
#...........#.....#
#....##....##....##
#....##....#


You could see a gnoll sergeant, 4 gnolls and a hound zombie.

Vanquished Creatures
  The ghost of chuckie79 the Chopper, an amateur HOFi (D:4)
  Duvessa (D:4)
  A black bear (D:5)
  2 necrophages
  A centaur (D:4)
  A phantom (D:4)
  A scorpion (D:4)
  Dowan (D:4)
  A centaur zombie (D:5)
  2 jellies
  An iguana (D:5)
  Jessica (D:3)
  An orc wizard (D:4)
  A hound skeleton (D:5)
  3 adders
  4 gnolls
  An adder skeleton (D:4)
  A worm (D:2)
  2 dart slugs
  9 orcs
  3 bats
  5 endoplasms
  A giant cockroach (D:1)
  5 goblins
  9 hobgoblins
  4 jackals
  2 quokkas
  4 ball pythons
  2 frilled lizards
  4 kobolds
  3 rats
78 creatures vanquished.

Notes
Turn   | Place    | Note
-------+----------+-------------------------------------------
     0 | D:1      | Borgoz the Gargoyle Berserker began the quest for the Orb.
     0 | D:1      | Reached XP level 1. HP: 14/14 MP: 1/1
    41 | D:1      | HP: 1/21 [hobgoblin (4)]
   522 | D:1      | Reached XP level 2. HP: 19/19 MP: 2/2
  1017 | D:1      | Found a faded altar of an unknown god.
  1575 | D:2      | Reached XP level 3. HP: 24/24 MP: 3/3
  1630 | D:2      | Reached XP level 4. HP: 26/29 MP: 4/4
  1877 | D:2      | Reached ** piety under Trog
  1878 | D:2      | Reached skill level 4 in Fighting
  1960 | D:2      | Found an ornate altar of the Wu Jian Council.
  2361 | D:3      | Found a blossoming altar of Fedhas.
  2587 | D:3      | Noticed Jessica
  2605 | D:3      | Killed Jessica
  2898 | D:3      | Reached XP level 5. HP: 33/33 MP: 5/5
  3023 | D:4      | Noticed Dowan
  3024 | D:4      | Noticed Duvessa
  3031 | D:4      | Killed Duvessa
  3065 | D:4      | Reached XP level 6. HP: 36/39 MP: 6/6
  3088 | D:4      | Killed Dowan
  3292 | D:4      | Reached skill level 5 in Fighting
  3399 | D:4      | Reached XP level 7. HP: 14/44 MP: 7/7
  3711 | D:4      | Found a runed translucent door.
  3712 | D:4      | Noticed chuckie79's ghost (amateur HOFi)
  3772 | D:4      | Found a staircase to the Ecumenical Temple.
  3827 | D:4      | Found Ytucuman's Distillery.
  3830 | D:4      | Found Fuuzu's General Store.
  3844 | D:4      | Bought a scroll of magic mapping for 42 gold pieces
  3849 | D:4      | Bought a potion of might for 44 gold pieces
  3988 | D:4      | Found a glowing golden altar of the Shining One.
  3996 | D:4      | Found an ancient bone altar of Kikubaaqudgha.
  3996 | D:4      | Found a shimmering blue altar of Sif Muna.
  4002 | D:4      | Found a shimmering altar of Xom.
  4066 | D:4      | Identified the +4 kite shield of the Bouncing Dreams {rN+}
  4106 | D:4      | Found a hazy altar of Hepliaklqana.
  4291 | D:4      | Killed chuckie79's ghost
  4292 | D:4      | Reached skill level 5 in Maces & Flails
  4292 | D:4      | Reached skill level 5 in Armour
  4300 | D:4      | Reached XP level 8. HP: 36/51 MP: 8/8
  4385 | D:5      | Entered Level 5 of the Dungeon
  4472 | D:5      | Reached skill level 6 in Fighting
  4541 | D:5      | HP: 2/51 [gnoll (6)]
  4542 | D:5      | Slain by a gnoll

Illustrated notes

Levels and vault maps discovered:
D:1:      dpeg_arrival_fog, layout_basic, hellmonk_ecumenical_altar_blasted,
          wad_floor_pattern_1, kennysheep_another_room,
          hangedman_abyss_or_decor_lesser_grid, serial_park_tiny_2,
          grunt_decor_one_mirror, nrook_campfire
D:2:      layout_loops_ring, basic_altar
D:3:      layout_basic, lemuel_doored_altar, uniq_jessica
D:4:      layout_loops_ring, mainiacjoe_overflow_surrounded_room, minitemple,
          minmay_temple_entry_sparse_star, ebering_ghost_inner_flame,
          nicolae_wooded_promenade, uniq_duvessa
D:5:      layout_gridville, ebering_ghost_rock_garden

Skill      XL: |  1  2  3  4  5  6  7  8 |
---------------+-------------------------+-----
Dodging        | 2 3 4 |  4.2
Armour         | 3 4 5 |  5.7
Fighting       | 4 5 6 |  6.3
Maces & Flails | 4 5 |  5.7

Action                   |  1- 3 |  4- 6 |  7- 9 || total
-------------------------+-------+-------+-------++-------
Melee: Mace              |    70 |   176 |    90 ||   336
Invok: Berserk           |     2 |     2 |     2 ||     6
       Trog's Hand       |       |     3 |       ||     3
  Use: Potion            |       |       |     1 ||     1
 Stab: Sleeping          |       |     1 |       ||     1
Armor: Animal skin       |    19 |    19 |       ||    38
       Scale mail        |       |    77 |    77 ||   154
Dodge: Dodged            |    39 |   115 |    67 ||   221
